 Dungeon Crawl Stone Soup version 0.21-a0-213-gae198ad (webtiles) character file.

4 Manul the Sneak (level 1, -2/11 HPs)
             Began as a Vine Stalker Assassin on Aug 22, 2017.
             Slain by a frilled lizard (3 damage)
             ... on level 1 of the Dungeon.
             The game lasted 00:00:04 (83 turns).

Manul the Sneak (Vine Stalker Assassin)               Turns: 83, Time: 00:00:05

Health: -2/11      AC:  3    Str: 13    XL:     1   Next: 70%
Magic:  0/2        EV: 11    Int: 11    God:
Gold:   10         SH:  0    Dex: 15    Spells: 0/0 levels left

rFire    . . .     SeeInvis .   a - +2 dagger
rCold    . . .     Gourm    .   (no shield)
rNeg     . . .     Faith    .   c - +0 robe
rPois    .         Spirit   +   (no helmet)
rElec    .         Reflect  .   d - +0 cloak
rCorr    .         Harm     .   (no gloves)
MR       .....                  (no boots)
Stlth    +++.......             (no amulet)
HPRegen  0.03/turn              (no ring)
MPRegen  0.08/turn              (no ring)

@: no status effects
A: fangs 2, magic shield, antimagic bite, no potion heal 3, rot immunity
a: no special abilities


You were on level 1 of the Dungeon.
You were not hungry.

You visited 1 branch of the dungeon, and saw 1 of its levels.

You collected 10 gold pieces.

Inventory:

Hand Weapons
 a - a +2 dagger (weapon)
 b - a +0 blowgun
Missiles
 e - 15 poisoned needles
 f - 2 curare-tipped needles
Armour
 c - a +0 robe (worn)
 d - a +0 cloak (worn)
Scrolls
 i - a scroll of teleportation {unknown}
 j - a scroll of remove curse {unknown}
Comestibles
 g - a bread ration
 h - a meat ration


   Skills:
 + Level 1.9 Fighting
 + Level 1.9 Short Blades
 + Level 1.7 Throwing
 + Level 0.7 Dodging
 + Level 5.0 Stealth


You couldn't memorise any spells.
You didn't know any spells.

Dungeon Overview and Level Annotations

Branches:
Dungeon (1/15)

Altars:


Innate Abilities, Weirdness & Mutations

You have extremely sharp teeth.
When hurt, damage is shared between your health and your magic reserves.
Your bite disrupts and absorbs the magic of your enemies.
Potions cannot restore your health.
You are immune to rotting.


Message History

You are too injured to fight recklessly!
You are too injured to fight recklessly!
You are too injured to fight recklessly!
You are too injured to fight recklessly!
There are monsters nearby!
You closely miss the hobgoblin.
The hobgoblin is moderately wounded.
The frilled lizard barely misses you. The hobgoblin barely misses you.
You barely miss the hobgoblin.
The hobgoblin is moderately wounded.
The frilled lizard bites you. The hobgoblin hits you.
* * * LOW HITPOINT WARNING * * *
You hit the hobgoblin.
The hobgoblin is severely wounded.
The frilled lizard misses you.
You hit the hobgoblin.
You kill the hobgoblin!
The frilled lizard bites you but does no damage.
The frilled lizard bites you.
You die...

#.# ..#########.#
#.##......).##
#.##.#######.####
#.##.# #...... #.##.#
###.#.... #.#####.##.#
##...##...
#.....l..#.#
#....###.# #....@..#.#
#.#### #.#
#......†#.###..## #.#
#>..............####.#
#.......####........<.
#.......# #....####.#
#.......# #...## #.#
#.##.#### #..#### #.#
#. #. ##....###.# #.
#....##...


You could see a frilled lizard.

Vanquished Creatures
  A goblin (D:1)
  2 hobgoblins (D:1)
  A rat (D:1)
4 creatures vanquished.

Notes
Turn   | Place    | Note
-------+----------+-------------------------------------------
     0 | D:1      | Manul the Vine Stalker Assassin began the quest for the Orb.
     0 | D:1      | Reached XP level 1. HP: 11/11 MP: 2/2
    52 | D:1      | Reached skill level 5 in Stealth
    83 | D:1      | Slain by a frilled lizard

Vault maps used:
D:1:      roderic_crossed_star

Skill      XL: |  1 |
---------------+----+-----
Stealth        | 5 |  5.0
Fighting       | |  1.9
Short Blades   | |  1.9
Throwing       | |  1.7
Dodging        | |  0.7

Action                   || total
-------------------------++-------
Melee: Dagger            ||    13
       Bite              ||     3
Armor: Robe              ||     4
Dodge: Dodged            ||     7

Table legend:
 A = Spawn XP
 B = Non-spawn XP
 C = Spawn XP percentage of total XP
 D = Spawn monster count
 E = Non-spawn monster count
 F = Spawn count percentage of total count
 G = Total turns spent on level
                    A         B        C        D         E        F      G
               +---------+---------+-------+---------+---------+-------+---------
         Total |       0 |       7 |   0.0 |       0 |       4 |   0.0 |    83
               +---------+---------+-------+---------+---------+-------+---------
           D:1 |       0 |       7 |   0.0 |       0 |       4 |   0.0 |    83
               +---------+---------+-------+---------+---------+-------+---------
